 Dungeon Crawl Stone Soup version 0.30.0-15-g856e2d3f33 (webtiles) character file.

Game seed: 15637812215688058814

290148 qw the Peltast (level 21, 144/144 HPs)
             Began as a Gargoyle Fighter on May 18, 2023.
             Was a High Priest of Okawaru.
             Quit the game on level 2 of the Lair of Beasts on May 19, 2023.
             The game lasted 00:36:31 (35277 turns).

qw the Peltast (Gargoyle Fighter)                  Turns: 35277, Time: 00:36:31

Health: 144/144    AC: 54    Str: 37    XL:     21   Next: 13%
Magic:  28/28      EV: 10    Int: 12    God:    Okawaru [*****.]
Gold:   286        SH: 20    Dex:  9    Spells: 20/20 levels left

rFire   . . .        a - +8 war axe (spect)
rCold   + . .        D - +0 tower shield {reflect}
rNeg    + . .        s - +4 plate armour of Courage {rC+ SInv}
rPois   inf          o - +2 helmet
rElec   +            c - +2 cloak {Will+}
rCorr   .            I - +2 pair of gloves {Str+3}
SInv    +            t - +2 pair of boots
Will    +++..        h - amulet of regeneration Stlth
                     q - +4 ring of slaying {mikee}
HPRegen 1.24/turn    M - +6 ring of strength
MPRegen 0.21/turn

%: reflection
@: flying
A: sickness immunity, AC +16, big wings, negative energy resistance 1,
electricity resistance, torment resistance 1, petrification resistance,
strong-willed 1, mutation resistance 1, sense surroundings 1
}: 1/15 runes: gossamer
a: Renounce Religion, Heroism, Finesse, Duel


You were on level 2 of the Lair of Beasts.
You worshipped Okawaru.
Okawaru was extremely pleased with you.
You visited 6 branches of the dungeon, and saw 34 of its levels.
You visited the Abyss 1 time.

You collected 3382 gold pieces.
You spent 3096 gold pieces at shops.


Innate Abilities, Weirdness & Mutations

You are immune to sickness and miasma.
Your stone body is resilient. (AC +16)
You are immune to poison.
Your large and strong wings let you fly.
You resist negative energy. (rN+)
You are resistant to electric shocks. (rElec)
You are resistant to unholy torment.
You are immune to petrification.
You are strong-willed. (Will+)
You are somewhat resistant to further mutation.
You passively map a small area around you.


   Skills:
 + Level 19.1 Fighting
 - Level 16.0 Axes
 - Level 9.0 Throwing
 - Level 19.0 Armour
 - Level 6.1 Dodging
 - Level 20.4 Shields
 - Level 10.0 Invocations


You had 20 spell levels left.
You didn't know any spells.
Your spell library was empty.

Inventory:

Hand Weapons
 a - a +8 spectral war axe (weapon)
Missiles
 K - 2 javelins (quivered)
Armour
 c - a +2 cloak of willpower (worn)
 o - a +2 helmet (worn)
 s - the +4 plate armour of Courage (worn) {rC+ SInv}
   (Okawaru gifted it to you on level 3 of the Vaults)

   rC:        It protects you from cold.
   SInv:      It lets you see invisible.
 t - a +2 pair of boots (worn)
 D - a +0 tower shield of reflection (worn)
 I - a +2 pair of gloves of strength (worn)
 J - the +0 pair of boots "Wuruqul" {rF- Str+3 Dex+4}
   (You acquired it on level 2 of the Shoals)

   Str:       It affects your strength (+3).
   Dex:       It affects your dexterity (+4).
   rF:        It makes you vulnerable to fire.
Jewellery
 h - an amulet of regeneration (around neck)
 q - a +4 ring of slaying (left hand) {mikee}
 B - the amulet of Urhuc {Spirit -Cast Harm rF+ rC+}
   (You acquired it on level 4 of the Spider Nest)

   [amulet of guardian spirit]

   It causes incoming damage to be divided between your reserves of health and
   magic.
   rF:        It protects you from fire.
   rC:        It protects you from cold.
   -Cast:     It prevents spellcasting.
   Harm:      It increases damage dealt and taken.
 M - a +6 ring of strength (right hand)
 Y - a ring of protection from fire
Wands
 x - a wand of digging (26)
Scrolls
 e - 10 scrolls of teleportation
 g - 16 scrolls of identify
 G - a scroll of brand weapon
Potions
 d - 8 potions of might
 i - 12 potions of curing
 j - 9 potions of magic
 n - 3 potions of resistance
 r - 2 potions of cancellation
 u - 7 potions of haste
 z - 7 potions of mutation
 E - 7 potions of heal wounds

Dungeon Overview and Level Annotations

Branches:
Dungeon (15/15)            Temple (0/1) D:6            Lair (5/5) D:9
 Shoals (3/4) Lair:2       Spider (4/4) Lair:2        Slime (0/5) Lair:4
    Orc (2/2) D:12            Elf (0/3) Orc:2        Vaults (5/5) D:14
  Crypt (0/3) Vaults:2     Depths (0/4) D:15

Altars:
Ashenzari
Dithmenos
Elyvilon
Hepliaklqana
Kikubaaqudgha
Nemelex Xobeh
Okawaru
Qazlal
Ru
Wu Jian
Xom
Yredelemnul
The Shining One
Jiyva

Shops:
D:13 ?   Orc:2 *!:[   Shoals:1 :   Shoals:2 [   Vaults:1 (   Vaults:2 =
Vaults:3 =:

Portals:
Trove: D:10 (give +3 storm dragon scales)

Annotations:
Lair:4 1 runed translucent door, qw's ghost, journeyman GrCA
Shoals:1 2 transporters, Heezod's ghost, journeyman MiBe


Message History

35241 ||| Propagated block 2 with 42 positions remaining
Enter note:
35241 ||| Propagated block 3 with 34 positions remaining
Enter note:
35241 ||| Propagated block 4 with 26 positions remaining
Enter note:
35241 ||| Propagating distance map at 29,4 (stone_stairs_up_ii)
35241 ||| Propagating distance map at 0,0 (stone_stairs_up_iii)
35241 ||| Propagating distance map at 16,49 (stone_stairs_up_i)
35241 ||| Gameplan status: Lair
35241 ||| Gameplan branch: Lair, depth: 2
35241 ||| Travel branch: Lair, depth: 2;
35241 ||| First dir: -1
35241 ||| Want stash travel: false;
35241 ||| Want go travel: true
35241 ||| Disable autoexplore: true
There is a stone staircase leading up here.
35271 ||| Propagating distance map at 0,0 (stone_stairs_up_ii)
35271 ||| Propagating distance map at -29,-4 (stone_stairs_up_iii)
35271 ||| Propagating distance map at -13,45 (stone_stairs_up_i)
You fly upwards.
There is a stone staircase leading down here.
35273 ||| Propagating distance map at -2,18 (stone_stairs_up_i)
35273 ||| Propagating distance map at -11,-11 (stone_stairs_up_ii)
35273 ||| Propagating distance map at 25,17 (stone_stairs_up_iii)
35273 ||| Gameplan status: Lair
35273 ||| Gameplan branch: Lair, depth: 2
35273 ||| Travel branch: Lair, depth: 2;
35273 ||| Want stash travel: false
35273 ||| Want go travel: false;
35273 ||| Disable autoexplore: false
35274 ||| Propagating distance map at -2,19 (stone_stairs_up_i)
35274 ||| Propagating distance map at -11,-10 (stone_stairs_up_ii)
35274 ||| Propagating distance map at 25,18 (stone_stairs_up_iii)
35275 ||| Propagating distance map at -2,20 (stone_stairs_up_i)
35275 ||| Propagating distance map at -11,-9 (stone_stairs_up_ii)
35275 ||| Propagating distance map at 25,19 (stone_stairs_up_iii)
35276 ||| Propagating distance map at -2,21 (stone_stairs_up_i)
35276 ||| Propagating distance map at -11,-8 (stone_stairs_up_ii)
35276 ||| Propagating distance map at 25,20 (stone_stairs_up_iii)
35277 ||| Propagating distance map at -2,20 (stone_stairs_up_i)
35277 ||| Propagating distance map at -11,-9 (stone_stairs_up_ii)
35277 ||| Propagating distance map at 25,19 (stone_stairs_up_iii) Are you sure you want to abandon this character and quit the game? (Confirm with "yes".)

.#.............>.................
............P.#...#..........#...
#P...............##..............
............>....P#.........P....
.........#.......###.#...........
.(........#####...####.#.#...###.
.....##..## #...## ##.#.....##..
..##....#.# ##..## #..#.######P.
P..##.....## #.@.####...######..
...........# #...P##.....##.P...
###.##....#####.>..####..........
####..............# ##.P#..###.
#..#...#.#.###.## ##.##### #.
##P.###..##.##P.## #..# #P
#....###....##...# ##.# ##
##..###.........## #..## ##.
##.## ##....P#### ##..# #.#


There were no monsters in sight!

Vanquished Creatures
  Bai Suzhen (Vaults:3)
  Jorgrun (Shoals:1)
  Rupert (D:15)
  2 krakens
  Gastronok (D:9)
  An ancient champion (Vaults:2)
  4 sphinxes
  An Executioner (Abyss:3)
  A tentacled starspawn (Abyss:3)
  Agnes (D:15)
  2 tengu reavers (Vaults:4)
  A revenant (Vaults:2)
  Ilsuiw (Shoals:2)
  Roxanne (D:14)
  14 vault wardens
  6 emperor scorpions (Spider:4)
  Louise (Spider:1)
  4 ghost moths
  An orc warlord (Vaults:2)
  2 stone giants (Vaults:4)
  3 broodmothers
  9 very ugly things
  13 ironbound preservers
  A war gargoyle (Vaults:4)
  Nessos (D:15)
  6 ironbound thunderhulks
  A deep elf demonologist (Vaults:2)
  13 dire elephants
  A quicksilver dragon zombie (D:15)
  A merfolk javelineer (Shoals:2)
  2 merfolk impalers
  9 entropy weavers
  10 yaktaur captains
  A spriggan zombie (D:15)
  16 vault guards
  A catoblepas (Lair:1)
  8 great orbs of eyes
  A merfolk avatar (Shoals:1)
  A rakshasa (D:14)
  5 radroaches
  9 ironbound frosthearts
  9 boulder beetles
  4 hydras
  3 merfolk aquamancers (Shoals:1)
  14 centaur warriors
  2 alligator snapping turtles (Shoals:3)
  7 two-headed ogres
  2 satyrs
  2 jorogumos
  A hell hog (Abyss:3)
  17 death yaks
  A thrashing horror (Abyss:3)
  3 vampire magi
  4 orc high priests (Orc:2)
  6 skysharks
  Nergalle (Lair:3)
  Urug (Lair:5)
  3 pharaoh ants
  A sun moth (Spider:4)
  A skeletal warrior (D:15)
  A wretched star (Abyss:3)
  11 sea snakes
  8 orb spiders
  2 glowing orange brains
  27 deep trolls
  8 wizards
  23 harpies
  12 ironbound convokers
  2 necromancers
  10 steelbarb worms
  4 lindwurms
  A phantasmal warrior (Vaults:2)
  2 deep elf zephyrmancers (D:10)
  2 deep elf pyromancers
  9 orc knights
  2 starcursed masses (Abyss:3)
  6 orc sorcerers
  8 cyclopes
  13 wolf spiders
  11 manticores
  3 moths of wrath
  20 ugly things
  14 fauns
  8 elephants
  Maurice (D:12)
  6 black mambas
  8 demonic crawlers
  18 vault sentinels
  4 water nymphs
  10 merfolk sirens
  3 cane toads
  9 large abominations (Abyss:3)
  An orange demon (Abyss:3)
  A smoke demon (Abyss:3)
  2 gargoyles
  3 torpor snails
  A rime drake (Lair:4)
  48 yaktaurs
  An unseen horror (Abyss:3)
  2 freezing wraiths
  A kobold demonologist (D:14)
  An ice devil (D:9)
  7 komodo dragons
  A guardian mummy (D:15)
  3 trolls
  3 ancient zymes (Abyss:3)
  14 merfolk
  6 polar bears
  4 wind drakes
  8 hornets
  36 tarantellas
  Prince Ribbit (D:7)
  4 snapping turtles
  An ettin zombie (D:15)
  12 blink frogs
  8 dream sheep
  An air elemental (Abyss:3)
  19 jumping spiders
  A vampire (D:12)
  An ettin skeleton (D:15)
  12 spriggans (Lair:5)
  12 culicivoras
  A ynoxinul (Abyss:3)
  A shadow (D:12)
  19 slime creatures
  37 yaks
  4 wraiths
  6 water elementals
  6 wyverns
  A fire elemental (D:9)
  2 basilisks
  A redback (shapeshifter) (Vaults:2)
  3 vampire mosquitoes (D:12)
  65 redbacks
  4 steam dragons
  5 wargs
  16 water moccasins
  5 acid dragons
  27 orc warriors
  2 ice beasts
  2 sky beasts
  5 black bears
  6 boggarts
  24 wolves
  5 centaurs
  8 ogres
  A kobold brigand (D:11)
  5 small abominations (Abyss:3)
  A scorpion (D:7)
  16 bullfrogs
  11 killer bees
  An electric eel (Lair:4)
  4 howler monkeys
  A gnoll bouda (D:8)
  A hound (D:7)
  22 orc priests
  3 iguanas
  A sleepcap (D:7)
  28 orc wizards
  7 gnolls
  7 adders
  A white imp (D:7)
  2 ufetubi
  3 dart slugs
  78 orcs
  7 ball pythons
  8 endoplasms
  7 giant cockroaches
  10 goblins
  4 hobgoblins
  5 jackals
  3 quokkas
  5 bats
  5 frilled lizards (D:1)
  4 kobolds
  5 rats
  A spectral weapon (Vaults:2)
  2 starspawn tentacles (Abyss:3)
  8 tentacles
1244 creatures vanquished.

Vanquished Creatures (others)
  A merfolk aquamancer (Shoals:2)
  A manticore (Shoals:2)
  An unseen horror (D:12)
  A boggart (Lair:5)
  An orc wizard (Orc:1)
  54 spectral weapons
  A starspawn tentacle (Abyss:3)
  6 tentacles
66 creatures vanquished.

Grand Total: 1310 creatures vanquished

Notes
Turn   | Place    | Note
-------+----------+-------------------------------------------
     0 | D:1      | qw the Gargoyle Fighter began the quest for the Orb.
     0 | D:1      | Reached XP level 1. HP: 14/14 MP: 1/1
     0 | D:1      | 0 ||| qw: Version: 0.2-a-96-gf055678
     0 | D:1      | 0 ||| qw: Game counter: 84
     0 | D:1      | 0 ||| qw: Always use a shield: true
     0 | D:1      | 0 ||| qw: God list: Okawaru
     0 | D:1      | 0 ||| qw: Allow faded altars: false
     0 | D:1      | 0 ||| qw: Do Orc after D:15 true
     0 | D:1      | 0 ||| qw: Do second Lair branch before Depths: true
     0 | D:1      | 0 ||| qw: Lair rune preference: random
     0 | D:1      | 0 ||| qw: Plans: Normal, Zot:1-4, God:TSO, Crypt, Tomb,
                  | Pan, Slime:5, Hells, Abyss, Win
     0 | D:1      | 0 ||| PLANNING D:1-11
    24 | D:1      | 24 ||| Stepping ~*~*~tactically~*~*~ (hiding).
    27 | D:1      | 27 ||| Stepping ~*~*~tactically~*~*~ (hiding).
    94 | D:1      | Reached XP level 2. HP: 18/19 MP: 2/2
   196 | D:1      | 196 ||| Stepping ~*~*~tactically~*~*~ (stealth).
   438 | D:1      | 438 ||| Stepping ~*~*~tactically~*~*~ (hiding).
   447 | D:1      | 447 ||| Stepping ~*~*~tactically~*~*~ (stealth).
   502 | D:1      | Reached skill level 3 in Axes
   589 | D:1      | Reached XP level 3. HP: 23/23 MP: 3/3
   862 | D:1      | 862 ||| UPGRADING to amulet of regeneration.
   867 | D:1      | 867 ||| READING scroll labelled ELIGHA HOCWOOZ.
   868 | D:1      | 868 ||| READING scroll labelled PUMUOTHROSCHU.
   869 | D:1      | 869 ||| READING 2 scrolls labelled KUASEX OZOFYNG.
   950 | D:2      | 950 ||| Stepping ~*~*~tactically~*~*~ (stealth).
  1076 | D:2      | Found an iron altar of Okawaru.
  1077 | D:2      | 1077 ||| PLANNING OKAWARU WORSHIP
  1077 | D:2      | 1077 ||| READING scroll labelled VUZI GAOSIRI.
  1078 | D:2      | 1078 ||| READING 2 scrolls labelled ECYIMI WOZUO.
  1117 | D:2      | Became a worshipper of Warmaster Okawaru
  1117 | D:2      | 1117 ||| PLANNING D:1-11
  1216 | D:2      | 1216 ||| Stepping ~*~*~tactically~*~*~ (stealth).
  1222 | D:2      | Reached XP level 4. HP: 28/28 MP: 4/4
  1262 | D:2      | 1262 ||| READING scroll of brand weapon.
  1262 | D:2      | 1262 ||| BRANDING +0 war axe of electrocution.
  1397 | D:2      | 1397 ||| DRINKING 2 bubbling ruby potions.
  1398 | D:2      | 1398 ||| DRINKING 2 metallic white potions.
  1503 | D:2      | 1503 ||| DRINKING 3 white potions.
  1504 | D:2      | 1504 ||| DROPPING potion of berserk rage.
  1688 | D:3      | Found an ancient bone altar of Kikubaaqudgha.
  1922 | D:3      | 1922 ||| DROPPING +0 club.
  1932 | D:3      | 1932 ||| Stepping ~*~*~tactically~*~*~ (stealth).
  1993 | D:3      | Reached XP level 5. HP: 32/32 MP: 5/5
  2176 | D:3      | 2176 ||| Stepping ~*~*~tactically~*~*~ (hiding).
  2177 | D:3      | 2177 ||| Stepping ~*~*~tactically~*~*~ (hiding).
  2178 | D:3      | 2178 ||| Stepping ~*~*~tactically~*~*~ (hiding).
  2179 | D:3      | 2179 ||| Stepping ~*~*~tactically~*~*~ (hiding).
  2185 | D:3      | 2185 ||| Stepping ~*~*~tactically~*~*~ (stealth).
  2186 | D:3      | 2186 ||| Stepping ~*~*~tactically~*~*~ (stealth).
  2378 | D:3      | 2378 ||| READING scroll labelled VENGYH MOOC.
  2379 | D:3      | 2379 ||| READING scroll labelled OSHUUFREARA.
  2415 | D:3      | 2415 ||| Stepping ~*~*~tactically~*~*~ (stealth).
  2416 | D:3      | 2416 ||| Stepping ~*~*~tactically~*~*~ (stealth).
  2463 | D:4      | Found a basalt altar of Yredelemnul.
  2535 | D:4      | 2535 ||| Stepping ~*~*~tactically~*~*~ (hiding).
  2537 | D:4      | 2537 ||| Stepping ~*~*~tactically~*~*~ (hiding).
  2538 | D:4      | 2538 ||| Stepping ~*~*~tactically~*~*~ (hiding).
  2539 | D:4      | 2539 ||| Stepping ~*~*~tactically~*~*~ (hiding).
  2678 | D:4      | Found an iron altar of Okawaru.
  2846 | D:4      | Found a glowing golden altar of the Shining One.
  3020 | D:4      | Reached XP level 6. HP: 31/38 MP: 6/6
  3021 | D:4      | Reached skill level 1 in Dodging
  3251 | D:4      | 3251 ||| UPGRADING to +0 chain mail.
  3261 | D:4      | 3261 ||| DROPPING +0 scale mail.
  3262 | D:4      | 3262 ||| DROPPING orb of guile.
  3263 | D:4      | 3263 ||| UPGRADING to +0 cloak.
  3268 | D:4      | 3268 ||| READING scroll labelled GEXTAP PARRUQI.
  3275 | D:4      | 3275 ||| READING scroll labelled HEUXAO ASOTILE.
  3308 | D:5      | Entered Level 5 of the Dungeon
  3383 | D:5      | Found a sacrificial altar of Ru.
  3402 | D:5      | Found a hazy altar of Hepliaklqana.
  3410 | D:5      | Found a sparkling altar of Nemelex Xobeh.
  3515 | D:5      | Reached * piety under Okawaru
  3642 | D:5      | Noticed a water moccasin
  3658 | D:5      | Killed a water moccasin
  3659 | D:5      | Reached skill level 1 in Invocations
  3659 | D:5      | Reached XP level 7. HP: 39/43 MP: 6/8
  3808 | D:5      | 3808 ||| INVOKING Heroism.
  3817 | D:5      | Reached skill level 6 in Axes
  4062 | D:5      | 4062 ||| UPGRADING to +0 helmet.
  4067 | D:5      | 4067 ||| UPGRADING to +4 ring of slaying {mikee}.
  4068 | D:5      | 4068 ||| READING scroll labelled YDWISCH SEDAU.
  4069 | D:5      | 4069 ||| DRINKING 2 bubbling blue potions.
  4069 | D:5      | Gained mutation: You are vulnerable to heat. (rF-) [potion
                  | of mutation]
  4069 | D:5      | Gained mutation: Your mind is acute. (Int +4, Str/Dex -1)
                  | [potion of mutation]
  4070 | D:5      | 4070 ||| DRINKING potion of mutation.
  4070 | D:5      | Lost mutation: Your mind is acute. (Int +4, Str/Dex -1)
                  | [potion of mutation]
  4070 | D:5      | Lost mutation: You are vulnerable to heat. (rF-) [potion of
                  | mutation]
  4070 | D:5      | Gained mutation: You are strong-willed. (Will+) [potion of
                  | mutation]
  4070 | D:5      | Gained mutation: You passively map a small area around you.
                  | [potion of mutation]
  4070 | D:5      | Gained mutation: You are somewhat resistant to further
                  | mutation. [potion of mutation]
  4071 | D:5      | 4071 ||| READING 2 scrolls of identify.
  4071 | D:5      | 4071 ||| IDENTIFYING silvery potion
  4115 | D:6      | 4115 ||| INVOKING Heroism.
  4122 | D:6      | Reached skill level 3 in Invocations
  4149 | D:6      | 4149 ||| Stepping ~*~*~tactically~*~*~ (stealth).
  4150 | D:6      | 4150 ||| Stepping ~*~*~tactically~*~*~ (stealth).
  4151 | D:6      | 4151 ||| Stepping ~*~*~tactically~*~*~ (stealth).
  4155 | D:6      | 4155 ||| Stepping ~*~*~tactically~*~*~ (hiding).
  4156 | D:6      | 4156 ||| Stepping ~*~*~tactically~*~*~ (hiding).
  4310 | D:6      | 4310 ||| INVOKING Heroism.
  4357 | D:6      | 4357 ||| INVOKING Heroism.
  4363 | D:6      | Reached XP level 8. HP: 48/48 MP: 8/11
  4383 | D:6      | Found a staircase to the Ecumenical Temple.
  4397 | D:6      | 4397 ||| INVOKING Heroism.
  4418 | D:6      | 4418 ||| INVOKING Heroism.
  4651 | D:6      | 4651 ||| DROPPING orb of mayhem.
  4652 | D:6      | 4652 ||| READING scroll labelled RYUL HIDGHECRO.
  4653 | D:6      | 4653 ||| DRINKING 2 fuming pink potions.
  4654 | D:6      | 4654 ||| DROPPING potion of invisibility.
  4673 | D:7      | 4673 ||| INVOKING Heroism.
  4766 | D:7      | 4766 ||| Stepping ~*~*~tactically~*~*~ (hiding).
  4840 | D:7      | Noticed a hornet
  4850 | D:7      | Killed a hornet
  4851 | D:7      | Reached XP level 9. HP: 54/54 MP: 12/12
  4887 | D:7      | Found a stormy altar of Qazlal.
  4913 | D:7      | Noticed a two-headed ogre
  4914 | D:7      | 4914 ||| INVOKING Heroism.
  4927 | D:7      | Killed a two-headed ogre
  4987 | D:7      | Noticed Prince Ribbit
  4988 | D:7      | 4988 ||| INVOKING Heroism.
  4999 | D:7      | Killed Prince Ribbit
  5000 | D:7      | Reached skill level 9 in Axes
  5188 | D:7      | Reached ** piety under Okawaru
  5212 | D:7      | Found a flagged portal.
  5359 | D:7      | 5359 ||| UPGRADING to +0 plate armour.
  5369 | D:7      | 5369 ||| DROPPING +0 chain mail.
  5573 | D:8      | Reached skill level 5 in Shields
  5573 | D:8      | 5573 ||| INVOKING Heroism.
  5576 | D:8      | Reached skill level 6 in Armour
  5576 | D:8      | Reached XP level 10. HP: 44/63 MP: 10/13
  5712 | D:8      | Found a white marble altar of Elyvilon.
  5735 | D:8      | 5735 ||| Stepping ~*~*~tactically~*~*~ (hiding).
  5737 | D:8      | 5737 ||| Stepping ~*~*~tactically~*~*~ (stealth).
  5751 | D:8      | 5751 ||| Stepping ~*~*~tactically~*~*~ (stealth).
  5753 | D:8      | 5753 ||| Stepping ~*~*~tactically~*~*~ (hiding).
  5777 | D:8      | 5777 ||| READING scroll of enchant weapon.
  5777 | D:8      | 5777 ||| ENCHANTING +0 spectral war axe.
  5803 | D:8      | 5803 ||| Stepping ~*~*~tactically~*~*~ (stealth).
  5808 | D:8      | 5808 ||| INVOKING Heroism.
  5907 | D:8      | 5907 ||| READING scroll of enchant weapon.
  5907 | D:8      | 5907 ||| ENCHANTING +1 spectral war axe.
  6016 | D:8      | 6016 ||| Stepping ~*~*~tactically~*~*~ (stealth).
  6145 | D:8      | 6145 ||| UPGRADING to +0 pair of boots.
  6150 | D:8      | 6150 ||| DROPPING orb of light.
  6151 | D:8      | 6151 ||| READING scroll labelled WAHERU YFRO.
  6152 | D:8      | 6152 ||| READING 4 scrolls of identify.
  6152 | D:8      | 6152 ||| IDENTIFYING amethyst potion
  6153 | D:8      | 6153 ||| READING 3 scrolls of identify.
  6153 | D:8      | 6153 ||| IDENTIFYING yellow potion
  6154 | D:8      | 6154 ||| READING 2 scrolls of identify.
  6154 | D:8      | 6154 ||| IDENTIFYING orange potion
  6155 | D:8      | 6155 ||| DROPPING potion of brilliance.
  6156 | D:8      | 6156 ||| DROPPING potion of flight.
  6188 | D:9      | Noticed a two-headed ogre
  6189 | D:9      | 6189 ||| INVOKING Heroism.
  6195 | D:9      | Killed a two-headed ogre
  6246 | D:9      | Reached *** piety under Okawaru
  6276 | D:9      | 6276 ||| READING scroll of enchant armour.
  6276 | D:9      | 6276 ||| ENCHANTING +0 helmet.
  6286 | D:9      | 6286 ||| Stepping ~*~*~tactically~*~*~ (stealth).
  6335 | D:9      | 6335 ||| READING scroll of enchant armour.
  6335 | D:9      | 6335 ||| ENCHANTING +1 helmet.
  6371 | D:9      | Reached **** piety under Okawaru
  6496 | D:9      | Noticed a boulder beetle
  6505 | D:9      | 6505 ||| INVOKING Heroism.
  6522 | D:9      | Noticed a deep elf pyromancer
  6524 | D:9      | 6524 ||| INVOKING Heroism.
  6529 | D:9      | Killed a deep elf pyromancer
  6530 | D:9      | Reached XP level 11. HP: 50/68 MP: 11/14
  6596 | D:9      | 6596 ||| INVOKING Heroism.
  6603 | D:9      | 6603 ||| Stepping ~*~*~tactically~*~*~ (hiding).
  6612 | D:9      | Killed a boulder beetle
  6614 | D:9      | Reached skill level 9 in Fighting
  6645 | D:9      | 6645 ||| DROPPING +0 flail.
  6685 | D:9      | Noticed Gastronok
  6686 | D:9      | 6686 ||| Stepping ~*~*~tactically~*~*~ (hiding).
  6692 | D:9      | 6692 ||| INVOKING Heroism.
  6715 | D:9      | Killed Gastronok
  6715 | D:9      | Received a gift from Okawaru
  6716 | D:9      | Reached skill level 6 in Invocations
  6883 | D:9      | 6883 ||| Stepping ~*~*~tactically~*~*~ (stealth).
  7060 | D:9      | Found a staircase to the Lair.
  7061 | D:9      | 7061 ||| INVOKING Heroism.
  7064 | D:9      | Received a gift from Okawaru
  7124 | D:9      | 7124 ||| PLANNING LAIR
  7124 | D:9      | 7124 ||| READING 2 scrolls labelled UFIPILAOTU.
  7125 | D:9      | 7125 ||| READING scroll labelled VALLEQOCKA.
  7126 | D:9      | 7126 ||| DRINKING 2 coppery potions.
  7127 | D:9      | 7127 ||| DROPPING scroll of blinking.
  7170 | Lair:1   | Entered Level 1 of the Lair of Beasts
  7180 | Lair:1   | Identified the +0 ring mail of the Depths {rC+ rCorr Int-5}
  7190 | Lair:1   | 7190 ||| INVOKING Heroism.
  7249 | Lair:1   | 7249 ||| READING scroll of enchant armour.
  7249 | Lair:1   | 7249 ||| ENCHANTING +0 pair of boots.
  7256 | Lair:1   | Noticed a catoblepas
  7257 | Lair:1   | 7257 ||| INVOKING Heroism.
  7270 | Lair:1   | Killed a catoblepas
  7279 | Lair:1   | 7279 ||| INVOKING Heroism.
  7296 | Lair:1   | 7296 ||| Stepping ~*~*~tactically~*~*~ (stealth).
  7304 | Lair:1   | 7304 ||| Stepping ~*~*~tactically~*~*~ (stealth).
  7322 | Lair:1   | Reached skill level 12 in Axes
  7517 | Lair:1   | Reached XP level 12. HP: 75/76 MP: 18/18
  7913 | Lair:1   | 7913 ||| DROPPING +4 chain mail.
  7914 | Lair:1   | 7914 ||| DRINKING 2 brown potions.
  7915 | Lair:1   | 7915 ||| READING 2 scrolls of identify.
  7915 | Lair:1   | 7915 ||| IDENTIFYING fuming puce potion
  7950 | Lair:2   | Found a staircase to the Shoals.
  7952 | Lair:2   | 7952 ||| INVOKING Heroism.
  7961 | Lair:2   | Reached skill level 9 in Armour
  7961 | Lair:2   | Reached skill level 9 in Invocations
  7966 | Lair:2   | Reached ***** piety under Okawaru
  7978 | Lair:2   | Found a hole to the Spider Nest.
  8020 | Lair:2   | Noticed a death yak
  8020 | Lair:2   | Noticed a death yak
  8020 | Lair:2   | Noticed a death yak
  8021 | Lair:2   | 8021 ||| Stepping ~*~*~tactically~*~*~ (stealth).
  8022 | Lair:2   | 8022 ||| INVOKING Heroism.
  8025 | Lair:2   | 8025 ||| Stepping ~*~*~tactically~*~*~ (stealth).
  8030 | Lair:2   | Killed a death yak
  8034 | Lair:2   | Noticed a death yak
  8034 | Lair:2   | Noticed a death yak
  8035 | Lair:2   | Noticed a death yak
  8036 | Lair:2   | Killed a death yak
  8041 | Lair:2   | Killed a death yak
  8042 | Lair:2   | Reached skill level 6 in Shields
  8042 | Lair:2   | 8042 ||| INVOKING Finesse.
  8046 | Lair:2   | HP: 19/76 [death yak (7)]
  8047 | Lair:2   | 8047 ||| READING 3 scrolls of teleportation.
  8048 | Lair:2   | 8048 ||| DRINKING potion of heal wounds.
  8049 | Lair:2   | Killed a death yak
  8053 | Lair:2   | Killed a death yak
  8251 | Lair:2   | 8251 ||| Stepping ~*~*~tactically~*~*~ (stealth).
  8268 | Lair:2   | Received a gift from Okawaru
  8295 | Lair:2   | 8295 ||| INVOKING Heroism.
  8296 | Lair:2   | 8296 ||| INVOKING Finesse.
  8305 | Lair:2   | Killed a death yak
  8438 | Lair:2   | 8438 ||| Stepping ~*~*~tactically~*~*~ (stealth).
  8577 | Lair:2   | 8577 ||| Stepping ~*~*~tactically~*~*~ (stealth).
  8731 | Lair:2   | 8731 ||| READING 5 scrolls of identify.
  8731 | Lair:2   | 8731 ||| IDENTIFYING smoky orange potion
  8923 | Lair:3   | Noticed Nergalle
  8924 | Lair:3   | 8924 ||| INVOKING Heroism.
  8932 | Lair:3   | Killed Nergalle
  8991 | Lair:3   | 8991 ||| INVOKING Heroism.
  8992 | Lair:3   | 8992 ||| Stepping ~*~*~tactically~*~*~ (stealth).
  8993 | Lair:3   | 8993 ||| Stepping ~*~*~tactically~*~*~ (stealth).
  9005 | Lair:3   | Identified the +7 great mace of Fundamental Breach {freeze,
                  | rF+++ Str+4 Int-2} (Okawaru gifted it to you on level 3 of
                  | the Lair of Beasts)
  9005 | Lair:3   | Received a gift from Okawaru
  9006 | Lair:3   | Reached XP level 13. HP: 82/82 MP: 20/20
  9593 | Lair:4   | 9593 ||| INVOKING Heroism.
  9660 | Lair:4   | 9660 ||| INVOKING Heroism.
  9661 | Lair:4   | 9661 ||| Stepping ~*~*~tactically~*~*~ (stealth).
  9662 | Lair:4   | 9662 ||| INVOKING Finesse.
  9676 | Lair:4   | 9676 ||| Stepping ~*~*~tactically~*~*~ (stealth).
  9881 | Lair:4   | 9881 ||| INVOKING Heroism.
  9882 | Lair:4   | 9882 ||| INVOKING Finesse.
  9883 | Lair:4   | 9883 ||| Stepping ~*~*~tactically~*~*~ (stealth).
  9894 | Lair:4   | 9894 ||| Stepping ~*~*~tactically~*~*~ (stealth).
  9895 | Lair:4   | 9895 ||| Stepping ~*~*~tactically~*~*~ (stealth).
  9925 | Lair:4   | 9925 ||| INVOKING Finesse.
  9937 | Lair:4   | Reached skill level 7 in Shields
  9941 | Lair:4   | 9941 ||| Stepping ~*~*~tactically~*~*~ (stealth).
  9949 | Lair:4   | 9949 ||| Stepping ~*~*~tactically~*~*~ (stealth).
 10090 | Lair:4   | Found a runed translucent door.
 10102 | Lair:4   | Identified the +4 trident "Caugot Vidgh" {venom, +Blink Fly
                  | rC+}
 10104 | Lair:4   | Noticed qw's ghost (journeyman GrCA)
 10482 | Lair:4   | Found a viscous altar of Jiyva.
 10483 | Lair:4   | Found a staircase to the Slime Pits.
 10640 | Lair:4   | 10640 ||| UPGRADING to +2 kite shield.
 10650 | Lair:4   | 10650 ||| DROPPING +0 buckler.
 10651 | Lair:4   | 10651 ||| UPGRADING to ring of positive energy.
 10652 | Lair:4   | 10652 ||| READING scroll labelled IHAKIT HAMAH.
 10753 | Lair:4   | 10753 ||| READING scroll labelled JIYSIX QIOKE.
 10830 | Lair:5   | Entered Level 5 of the Lair of Beasts
 10834 | Lair:5   | Received a gift from Okawaru
 10838 | Lair:5   | 10838 ||| STAIRDANCE
 10844 | Lair:4   | Identified the +3 steam dragon scales of Temperance {Drain
                  | rElec rN+ Dex+3} (Okawaru gifted it to you on level 4 of
                  | the Lair of Beasts)
 10844 | Lair:4   | Received a gift from Okawaru
 10998 | Lair:5   | Reached skill level 8 in Shields
 11052 | Lair:5   | 11052 ||| Stepping ~*~*~tactically~*~*~ (stealth).
 11251 | Lair:5   | Reached skill level 9 in Shields
 11254 | Lair:5   | 11254 ||| INVOKING Heroism.
 11329 | Lair:5   | 11329 ||| Stepping ~*~*~tactically~*~*~ (stealth).
 11356 | Lair:5   | Reached skill level 10 in Shields
 11369 | Lair:5   | 11369 ||| INVOKING Heroism.
 11370 | Lair:5   | 11370 ||| INVOKING Finesse.
 11373 | Lair:5   | Gained mutation: Your large and strong wings let you fly.
                  | [Gargoyle growth]
 11373 | Lair:5   | Reached XP level 14. HP: 90/90 MP: 13/21
 11379 | Lair:5   | Noticed Urug
 11393 | Lair:5   | 11393 ||| INVOKING Heroism.
 11396 | Lair:5   | Killed Urug
 11416 | Lair:5   | 11416 ||| Stepping ~*~*~tactically~*~*~ (stealth).
 11418 | Lair:5   | 11418 ||| Stepping ~*~*~tactically~*~*~ (stealth).
 11451 | Lair:5   | 11451 ||| Stepping ~*~*~tactically~*~*~ (stealth).
 11457 | Lair:5   | Reached skill level 11 in Shields
 11481 | Lair:5   | 11481 ||| Stepping ~*~*~tactically~*~*~ (stealth).
 11509 | Lair:5   | 11509 ||| Stepping ~*~*~tactically~*~*~ (stealth).
 11533 | Lair:5   | 11533 ||| INVOKING Heroism.
 11634 | Lair:5   | 11634 ||| INVOKING Heroism.
 11638 | Lair:5   | 11638 ||| SWAPPING to +0 morningstar.
 11645 | Lair:5   | Reached skill level 3 in Throwing
 11645 | Lair:5   | 11645 ||| SWAPPING to +2 spectral war axe.
 11807 | Lair:5   | 11807 ||| Stepping ~*~*~tactically~*~*~ (stealth).
 11816 | Lair:5   | 11816 ||| INVOKING Heroism.
 11817 | Lair:5   | Received a gift from Okawaru
 12145 | Lair:5   | 12145 ||| Stepping ~*~*~tactically~*~*~ (stealth).
 12147 | Lair:5   | 12147 ||| INVOKING Heroism.
 12221 | Lair:5   | 12221 ||| PLANNING D:1-11
 12323 | D:10     | Entered Level 10 of the Dungeon
 12364 | D:10     | Reached skill level 12 in Shields
 12433 | D:10     | 12433 ||| Stepping ~*~*~tactically~*~*~ (hiding).
 12809 | D:10     | Found a portal to a secret trove of treasure.
 12887 | D:10     | 12887 ||| Stepping ~*~*~tactically~*~*~ (hiding).
 12893 | D:10     | 12893 ||| Stepping ~*~*~tactically~*~*~ (hiding).
 12894 | D:10     | 12894 ||| Stepping ~*~*~tactically~*~*~ (hiding).
 12895 | D:10     | 12895 ||| Stepping ~*~*~tactically~*~*~ (hiding).
 12909 | D:10     | Received a gift from Okawaru
 12988 | D:10     | 12988 ||| Invisibility monster not found???
 13153 | D:10     | Identified the +3 hand axe of the Spinneret {pain, rPois}
 13158 | D:10     | Found a shimmering altar of Xom.
 13294 | D:10     | Found an ornate altar of the Wu Jian Council.
 13423 | D:10     | 13423 ||| READING 7 scrolls of identify.
 13423 | D:10     | 13423 ||| IDENTIFYING viscous cyan potion
 13424 | D:10     | 13424 ||| DROPPING potion of degeneration.
 13460 | D:11     | 13460 ||| STAIRDANCE
 13480 | D:11     | 13480 ||| STAIRDANCE
 13681 | D:11     | 13681 ||| READING scroll of enchant armour.
 13681 | D:11     | 13681 ||| ENCHANTING +1 pair of boots.
 13703 | D:10     | Found a shadowy altar of Dithmenos.
 13703 | D:10     | Found a broken altar of Ashenzari.
 13774 | D:11     | 13774 ||| Stepping ~*~*~tactically~*~*~ (hiding).
 13787 | Abyss:3  | Cast into level 3 of the Abyss (a wizard)
 13799 | Abyss:3  | Noticed an Executioner
 13807 | Abyss:3  | 13807 ||| INVOKING Heroism.
 13808 | Abyss:3  | HP: 6/90 [large abomination[an Executioner] (23)]
 13809 | Abyss:3  | 13809 ||| READING 4 scrolls of teleportation.
 13810 | Abyss:3  | 13810 ||| DRINKING 3 potions of heal wounds.
 13811 | Abyss:3  | 13811 ||| DRINKING 2 potions of heal wounds.
 13812 | Abyss:3  | 13812 ||| DRINKING potion of heal wounds.
 13813 | Abyss:3  | Killed an Executioner
 13813 | Abyss:3  | Identified the +2 robe of Twilight {rF++ Dex+3} (Okawaru
                  | gifted it to you on level 3 of the Abyss)
 13813 | Abyss:3  | Received a gift from Okawaru
 13813 | Abyss:3  | HP: 14/90 [large abomination[an Executioner] (14)]
 13814 | Abyss:3  | Reached skill level 15 in Axes
 13867 | Abyss:3  | 13867 ||| Stepping ~*~*~tactically~*~*~ (stealth).
 13935 | Abyss:3  | 13935 ||| Stepping ~*~*~tactically~*~*~ (stealth).
 13938 | Abyss:3  | 13938 ||| Stepping ~*~*~tactically~*~*~ (stealth).
 13966 | Abyss:3  | 13966 ||| INVOKING Heroism.
 13967 | Abyss:3  | 13967 ||| INVOKING Finesse.
 14002 | Abyss:3  | 14002 ||| Stepping ~*~*~tactically~*~*~ (stealth).
 14028 | Abyss:3  | 14028 ||| Stepping ~*~*~tactically~*~*~ (stealth).
 14029 | Abyss:3  | 14029 ||| Stepping ~*~*~tactically~*~*~ (stealth).
 14035 | Abyss:3  | Noticed a red very ugly thing
 14036 | Abyss:3  | 14036 ||| Stepping ~*~*~tactically~*~*~ (stealth).
 14043 | Abyss:3  | 14043 ||| INVOKING Finesse.
 14071 | Abyss:3  | 14071 ||| Stepping ~*~*~tactically~*~*~ (stealth).
 14079 | Abyss:3  | 14079 ||| Stepping ~*~*~tactically~*~*~ (stealth).
 14081 | Abyss:3  | 14081 ||| Stepping ~*~*~tactically~*~*~ (stealth).
 14088 | Abyss:3  | Killed a red very ugly thing
 14089 | Abyss:3  | 14089 ||| Stepping ~*~*~tactically~*~*~ (hiding).
 14091 | Abyss:3  | 14091 ||| Stepping ~*~*~tactically~*~*~ (hiding).
 14092 | Abyss:3  | 14092 ||| Stepping ~*~*~tactically~*~*~ (hiding).
 14094 | Abyss:3  | 14094 ||| Stepping ~*~*~tactically~*~*~ (hiding).
 14119 | Abyss:3  | 14119 ||| INVOKING Heroism.
 14121 | Abyss:3  | Reached skill level 12 in Fighting
 14125 | Abyss:3  | Reached XP level 15. HP: 63/96 MP: 19/22
 14134 | Abyss:3  | 14134 ||| Stepping ~*~*~tactically~*~*~ (stealth).
 14163 | Abyss:3  | 14163 ||| Stepping ~*~*~tactically~*~*~ (hiding).
 14167 | Abyss:3  | 14167 ||| Stepping ~*~*~tactically~*~*~ (hiding).
 14225 | Abyss:3  | Noticed a tentacled starspawn
 14226 | Abyss:3  | 14226 ||| Stepping ~*~*~tactically~*~*~ (stealth).
 14232 | Abyss:3  | 14232 ||| Stepping ~*~*~tactically~*~*~ (stealth).
 14233 | Abyss:3  | 14233 ||| Stepping ~*~*~tactically~*~*~ (stealth).
 14256 | Abyss:3  | 14256 ||| Stepping ~*~*~tactically~*~*~ (stealth).
 14257 | Abyss:3  | 14257 ||| Stepping ~*~*~tactically~*~*~ (stealth).
 14266 | Abyss:3  | Killed a tentacled starspawn
 14295 | Abyss:3  | Found a corrupted altar of Lugonu.
 14374 | Abyss:3  | 14374 ||| Stepping ~*~*~tactically~*~*~ (stealth).
 14408 | Abyss:3  | 14408 ||| Stepping ~*~*~tactically~*~*~ (stealth).
 14413 | Abyss:3  | 14413 ||| Stepping ~*~*~tactically~*~*~ (hiding).
 14414 | Abyss:3  | 14414 ||| Stepping ~*~*~tactically~*~*~ (hiding).
 14420 | D:11     | Escaped the Abyss
 14723 | D:11     | 14723 ||| PLANNING D
 14723 | D:11     | 14723 ||| READING scroll labelled ALOYMAZO NERA.
 14766 | D:12     | Noticed Maurice
 14777 | D:12     | Killed Maurice
 14891 | D:12     | 14891 ||| INVOKING Heroism.
 14892 | D:12     | 14892 ||| INVOKING Finesse.
 14893 | D:12     | 14893 ||| Stepping ~*~*~tactically~*~*~ (stealth).
 14902 | D:12     | 14902 ||| SWAPPING to +0 morningstar.
 14905 | D:12     | 14905 ||| SWAPPING to +2 spectral war axe.
 14984 | D:12     | 14984 ||| READING scroll of enchant armour.
 14984 | D:12     | 14984 ||| ENCHANTING +0 cloak.
 15043 | D:12     | 15043 ||| Stepping ~*~*~tactically~*~*~ (hiding).
 15156 | D:12     | 15156 ||| Stepping ~*~*~tactically~*~*~ (hiding).
 15157 | D:12     | 15157 ||| Stepping ~*~*~tactically~*~*~ (hiding).
 15158 | D:12     | 15158 ||| Stepping ~*~*~tactically~*~*~ (hiding).
 15169 | D:12     | 15169 ||| INVOKING Heroism.
 15186 | D:12     | Received a gift from Okawaru
 15215 | D:12     | Found a shimmering altar of Xom.
 15303 | D:12     | Found a staircase to the Orcish Mines.
 15353 | D:12     | 15353 ||| Stepping ~*~*~tactically~*~*~ (stealth).
 15355 | D:12     | 15355 ||| Stepping ~*~*~tactically~*~*~ (stealth).
 15357 | D:12     | 15357 ||| Stepping ~*~*~tactically~*~*~ (hiding).
 15373 | D:12     | Reached skill level 3 in Dodging
 15376 | D:12     | 15376 ||| Stepping ~*~*~tactically~*~*~ (hiding).
 15385 | D:12     | 15385 ||| Stepping ~*~*~tactically~*~*~ (hiding).
 15399 | D:12     | 15399 ||| Stepping ~*~*~tactically~*~*~ (hiding).
 15413 | D:12     | 15413 ||| Stepping ~*~*~tactically~*~*~ (hiding).
 15431 | D:12     | 15431 ||| DROPPING +0 morningstar.
 15511 | D:12     | Reached skill level 13 in Shields
 15621 | D:12     | 15621 ||| UPGRADING to +0 pair of gloves.
 15626 | D:12     | 15626 ||| UPGRADING to +2 cloak of willpower.
 15636 | D:12     | 15636 ||| DROPPING +1 cloak.
 15637 | D:12     | 15637 ||| UPGRADING to ring of protection from fire.
 15877 | D:13     | 15877 ||| Stepping ~*~*~tactically~*~*~ (stealth).
 16198 | D:13     | Found Baoke's Magic Scroll Shop.
 16201 | D:13     | 16201 ||| BUYING scroll of enchant weapon (105 gold).
 16201 | D:13     | Bought a scroll of enchant weapon for 105 gold pieces
 16201 | D:13     | 16201 ||| BUYING scroll of enchant weapon (105 gold).
 16201 | D:13     | Bought a scroll of enchant weapon for 105 gold pieces
 16201 | D:13     | 16201 ||| BUYING scroll of identify (28 gold).
 16201 | D:13     | Bought a scroll of identify for 28 gold pieces
 16201 | D:13     | 16201 ||| BUYING scroll of teleportation (42 gold).
 16201 | D:13     | Bought a scroll of teleportation for 42 gold pieces
 16201 | D:13     | 16201 ||| READING 2 scrolls of enchant weapon.
 16201 | D:13     | 16201 ||| ENCHANTING +2 spectral war axe.
 16202 | D:13     | 16202 ||| READING scroll of enchant weapon.
 16202 | D:13     | 16202 ||| ENCHANTING +3 spectral war axe.
 16352 | D:14     | 16352 ||| Stepping ~*~*~tactically~*~*~ (hiding).
 16362 | D:14     | 16362 ||| Stepping ~*~*~tactically~*~*~ (hiding).
 16475 | D:14     | 16475 ||| Stepping ~*~*~tactically~*~*~ (stealth).
 16476 | D:14     | 16476 ||| Stepping ~*~*~tactically~*~*~ (stealth).
 16481 | D:14     | 16481 ||| Stepping ~*~*~tactically~*~*~ (hiding).
 16486 | D:14     | 16486 ||| INVOKING Heroism.
 16577 | D:14     | 16577 ||| INVOKING Heroism.
 16588 | D:14     | Received a gift from Okawaru
 16598 | D:14     | Reached skill level 12 in Armour
 16614 | D:14     | Identified the +1 broad axe of Fanaticism {elec, rElec}
                  | (Okawaru gifted it to you on level 14 of the Dungeon)
 16614 | D:14     | Received a gift from Okawaru
 16668 | D:14     | 16668 ||| DROPPING +1 broad axe of Fanaticism {elec,
                  | rElec}.
 16670 | D:14     | Found a gate to the Vaults.
 16696 | D:14     | 16696 ||| INVOKING Heroism.
 16697 | D:14     | 16697 ||| INVOKING Finesse.
 16700 | D:14     | 16700 ||| SWAPPING to +2 war axe of flaming.
 16707 | D:14     | 16707 ||| SWAPPING to +4 spectral war axe.
 16710 | D:14     | 16710 ||| Stepping ~*~*~tactically~*~*~ (stealth).
 16769 | D:14     | Noticed Roxanne
 16770 | D:14     | 16770 ||| INVOKING Heroism.
 16771 | D:14     | 16771 ||| INVOKING Finesse.
 16785 | D:14     | Killed Roxanne
 16906 | D:14     | 16906 ||| Stepping ~*~*~tactically~*~*~ (hiding).
 17077 | D:14     | 17077 ||| Stepping ~*~*~tactically~*~*~ (stealth).
 17079 | D:14     | 17079 ||| Stepping ~*~*~tactically~*~*~ (stealth).
 17081 | D:14     | 17081 ||| INVOKING Heroism.
 17150 | D:14     | 17150 ||| INVOKING Heroism.
 17151 | D:14     | 17151 ||| SWAPPING to +2 war axe of flaming.
 17157 | D:14     | 17157 ||| SWAPPING to +4 spectral war axe.
 17184 | D:14     | 17184 ||| Stepping ~*~*~tactically~*~*~ (hiding).
 17496 | D:15     | Entered Level 15 of the Dungeon
 17510 | D:15     | Reached XP level 16. HP: 91/104 MP: 23/23
 17551 | D:15     | 17551 ||| Stepping ~*~*~tactically~*~*~ (hiding).
 17554 | D:15     | 17554 ||| INVOKING Heroism.
 17563 | D:15     | Received a gift from Okawaru
 17571 | D:15     | Found a staircase to the Depths.
 17696 | D:15     | 17696 ||| INVOKING Heroism.
 17738 | D:15     | 17738 ||| Stepping ~*~*~tactically~*~*~ (hiding).
 17743 | D:15     | 17743 ||| INVOKING Heroism.
 17847 | D:15     | 17847 ||| Stepping ~*~*~tactically~*~*~ (hiding).
 17870 | D:15     | Noticed Agnes
 17870 | D:15     | Noticed Nessos
 17871 | D:15     | 17871 ||| INVOKING Heroism.
 17883 | D:15     | HP: 25/104 [Agnes/+1 lajatang of speed (10)]
 17884 | D:15     | 17884 ||| READING 5 scrolls of teleportation.
 17886 | D:15     | 17886 ||| DRINKING potion of heal wounds.
 17965 | D:15     | Noticed Rupert
 17966 | D:15     | 17966 ||| INVOKING Heroism.
 17973 | D:15     | Received a gift from Okawaru
 17980 | D:15     | Killed Rupert
 18044 | D:15     | 18044 ||| Stepping ~*~*~tactically~*~*~ (hiding).
 18045 | D:15     | 18045 ||| Stepping ~*~*~tactically~*~*~ (hiding).
 18220 | D:15     | 18220 ||| Stepping ~*~*~tactically~*~*~ (hiding).
 18232 | D:15     | Killed Nessos
 18252 | D:15     | 18252 ||| INVOKING Heroism.
 18260 | D:15     | Killed Agnes
 18506 | D:15     | 18506 ||| PLANNING ORC
 18506 | D:15     | 18506 ||| DROPPING amulet of faith.
 18581 | Orc:1    | Entered Level 1 of the Orcish Mines
 18689 | Orc:2    | Entered Level 2 of the Orcish Mines
 18721 | Orc:1    | 18721 ||| INVOKING Heroism.
 19214 | Orc:2    | Found a staircase to the Elven Halls.
 19273 | Orc:2    | 19273 ||| Stepping ~*~*~tactically~*~*~ (hiding).
 19274 | Orc:2    | 19274 ||| Stepping ~*~*~tactically~*~*~ (hiding).
 19275 | Orc:2    | 19275 ||| Stepping ~*~*~tactically~*~*~ (hiding).
 19276 | Orc:2    | 19276 ||| Stepping ~*~*~tactically~*~*~ (hiding).
 19277 | Orc:2    | 19277 ||| Stepping ~*~*~tactically~*~*~ (hiding).
 19278 | Orc:2    | 19278 ||| Stepping ~*~*~tactically~*~*~ (hiding).
 19331 | Orc:2    | 19331 ||| INVOKING Heroism.
 19343 | Orc:2    | Received a gift from Okawaru
 19389 | Orc:2    | 19389 ||| Stepping ~*~*~tactically~*~*~ (hiding).
 19394 | Orc:2    | 19394 ||| INVOKING Heroism.
 19489 | Orc:2    | 19489 ||| Stepping ~*~*~tactically~*~*~ (hiding).
 19496 | Orc:2    | Found Daideim's Antique Armour Shoppe.
 19501 | Orc:2    | 19501 ||| Stepping ~*~*~tactically~*~*~ (hiding).
 19504 | Orc:2    | 19504 ||| INVOKING Heroism.
 19525 | Orc:2    | 19525 ||| PLANNING ORC
 19527 | Orc:2    | Reached skill level 6 in Throwing
 19539 | Orc:2    | HP: 22/106 [orc priest/divine providence (12)]
 19540 | Orc:2    | 19540 ||| READING 4 scrolls of teleportation.
 19541 | Orc:2    | 19541 ||| DRINKING potion of heal wounds.
 19543 | Orc:2    | Found Volec's Distillery.
 19559 | Orc:2    | 19559 ||| Stepping ~*~*~tactically~*~*~ (stealth).
 19560 | Orc:2    | 19560 ||| Stepping ~*~*~tactically~*~*~ (stealth).
 19564 | Orc:2    | 19564 ||| Stepping ~*~*~tactically~*~*~ (stealth).
 19567 | Orc:2    | 19567 ||| Stepping ~*~*~tactically~*~*~ (stealth).
 19572 | Orc:2    | 19572 ||| INVOKING Heroism.
 19615 | Orc:2    | 19615 ||| BUYING shiny chain mail (247 gold).
 19615 | Orc:2    | Bought a shiny chain mail for 247 gold pieces
 19617 | Orc:2    | 19617 ||| BUYING potion of heal wounds (80 gold).
 19617 | Orc:2    | Bought a potion of heal wounds for 80 gold pieces
 19617 | Orc:2    | 19617 ||| BUYING potion of heal wounds (80 gold).
 19617 | Orc:2    | Bought a potion of heal wounds for 80 gold pieces
 19617 | Orc:2    | 19617 ||| BUYING potion of might (64 gold).
 19617 | Orc:2    | Bought a potion of might for 64 gold pieces
 19617 | Orc:2    | 19617 ||| BUYING potion of might (64 gold).
 19617 | Orc:2    | Bought a potion of might for 64 gold pieces
 19617 | Orc:2    | 19617 ||| BUYING potion of might (64 gold).
 19617 | Orc:2    | Bought a potion of might for 64 gold pieces
 19629 | Orc:2    | Found Ceme Dua's Assorted Antiques.
 19630 | Orc:2    | Found Hoel's Book Shoppe.
 19643 | Orc:2    | 19643 ||| BUYING bound tin ring (145 gold).
 19643 | Orc:2    | Bought a bound tin ring for 145 gold pieces
 19643 | Orc:2    | Identified the ring of the Magpie {Ice *Slow rElec Will+
                  | rCorr Stlth+} (You bought it in a shop on level 2 of the
                  | Orcish Mines)
 19643 | Orc:2    | 19643 ||| BUYING scroll of brand weapon (275 gold).
 19643 | Orc:2    | Bought a scroll of brand weapon for 275 gold pieces
 19941 | Orc:2    | 19941 ||| PLANNING SPIDER:1-3
 19941 | Orc:2    | 19941 ||| PLANNING LAIR
 20264 | Lair:5   | 20264 ||| PLANNING SPIDER:1-3
 20337 | Spider:1 | Entered Level 1 of the Spider Nest
 20338 | Spider:1 | 20338 ||| Stepping ~*~*~tactically~*~*~ (hiding).
 20360 | Spider:1 | 20360 ||| STAIRDANCE
 20370 | Lair:2   | 20370 ||| INVOKING Heroism.
 20450 | Spider:1 | 20450 ||| INVOKING Heroism.
 20596 | Spider:1 | Noticed Louise
 20597 | Spider:1 | 20597 ||| INVOKING Heroism.
 20614 | Spider:1 | Killed Louise
 20619 | Spider:1 | 20619 ||| Stepping ~*~*~tactically~*~*~ (stealth).
 20625 | Spider:1 | 20625 ||| Stepping ~*~*~tactically~*~*~ (stealth).
 20626 | Spider:1 | 20626 ||| Stepping ~*~*~tactically~*~*~ (stealth).
 20634 | Spider:1 | 20634 ||| Stepping ~*~*~tactically~*~*~ (stealth).
 20665 | Spider:1 | 20665 ||| Stepping ~*~*~tactically~*~*~ (hiding).
 20728 | Spider:1 | 20728 ||| Stepping ~*~*~tactically~*~*~ (stealth).
 20788 | Spider:1 | 20788 ||| INVOKING Heroism.
 20803 | Spider:1 | 20803 ||| INVOKING Heroism.
 20876 | Spider:1 | 20876 ||| Stepping ~*~*~tactically~*~*~ (stealth).
 20896 | Spider:1 | Reached skill level 14 in Shields
 21182 | Spider:1 | 21182 ||| UPGRADING to +0 tower shield.
 21192 | Spider:1 | 21192 ||| DROPPING +2 kite shield.
 21387 | Spider:2 | 21387 ||| INVOKING Heroism.
 21400 | Spider:2 | 21400 ||| Stepping ~*~*~tactically~*~*~ (hiding).
 21451 | Spider:2 | 21451 ||| INVOKING Heroism.
 21459 | Spider:2 | Received a gift from Okawaru
 21475 | Spider:2 | Reached XP level 17. HP: 111/111 MP: 24/24
 21481 | Spider:2 | 21481 ||| INVOKING Finesse.
 21542 | Spider:2 | 21542 ||| Stepping ~*~*~tactically~*~*~ (hiding).
 21623 | Spider:2 | Reached skill level 15 in Shields
 21812 | Spider:2 | 21812 ||| Stepping ~*~*~tactically~*~*~ (stealth).
 22176 | Spider:2 | 22176 ||| INVOKING Finesse.
 22860 | Spider:3 | 22860 ||| INVOKING Heroism.
 22890 | Spider:3 | 22890 ||| Stepping ~*~*~tactically~*~*~ (hiding).
 22924 | Spider:3 | 22924 ||| Stepping ~*~*~tactically~*~*~ (stealth).
 23016 | Spider:3 | 23016 ||| INVOKING Heroism.
 23023 | Spider:3 | Reached skill level 16 in Shields
 23361 | Spider:3 | 23361 ||| INVOKING Heroism.
 23362 | Spider:3 | 23362 ||| Stepping ~*~*~tactically~*~*~ (stealth).
 23458 | Spider:3 | 23458 ||| Stepping ~*~*~tactically~*~*~ (stealth).
 23496 | Spider:3 | 23496 ||| Stepping ~*~*~tactically~*~*~ (stealth).
 23586 | Spider:3 | 23586 ||| Stepping ~*~*~tactically~*~*~ (hiding).
 23617 | Spider:3 | 23617 ||| Stepping ~*~*~tactically~*~*~ (stealth).
 23984 | Spider:3 | 23984 ||| INVOKING Finesse.
 24072 | Spider:3 | 24072 ||| PLANNING SHOALS:1-3
 24158 | Shoals:1 | Entered Level 1 of the Shoals
 24186 | Shoals:1 | 24186 ||| Stepping ~*~*~tactically~*~*~ (stealth).
 24188 | Shoals:1 | 24188 ||| Stepping ~*~*~tactically~*~*~ (stealth).
 24190 | Shoals:1 | 24190 ||| Stepping ~*~*~tactically~*~*~ (hiding).
 24338 | Shoals:1 | 24338 ||| INVOKING Heroism.
 24346 | Shoals:1 | Received a gift from Okawaru
 24347 | Shoals:1 | Reached skill level 17 in Shields
 24358 | Shoals:1 | Found Omicvuor's Vocational Training.
 24499 | Shoals:1 | Noticed a kraken
 24500 | Shoals:1 | 24500 ||| READING 17 scrolls of identify.
 24500 | Shoals:1 | 24500 ||| IDENTIFYING bubbling green potion
 24501 | Shoals:1 | 24501 ||| DROPPING potion of ambrosia.
 24508 | Shoals:1 | Killed a kraken
 24578 | Shoals:1 | 24578 ||| INVOKING Heroism.
 24579 | Shoals:1 | 24579 ||| INVOKING Finesse.
 24580 | Shoals:1 | Found a transporter.
 24620 | Shoals:1 | Noticed Heezod's ghost (journeyman MiBe)
 24767 | Shoals:1 | Noticed Jorgrun
 24768 | Shoals:1 | 24768 ||| Stepping ~*~*~tactically~*~*~ (hiding).
 24780 | Shoals:1 | Killed Jorgrun
 25002 | Shoals:1 | Reached skill level 18 in Shields
 25017 | Shoals:1 | Identified the +2 flail "Osos" {pain, rPois Str-3 Stlth+}
 25077 | Shoals:1 | 25077 ||| Stepping ~*~*~tactically~*~*~ (hiding).
 25090 | Shoals:1 | Received a gift from Okawaru
 25104 | Shoals:1 | Found a transporter.
 25150 | Shoals:1 | 25150 ||| UPGRADING to +0 tower shield of reflection.
 25160 | Shoals:1 | 25160 ||| DROPPING +0 tower shield.
 25195 | Shoals:2 | 25195 ||| STAIRDANCE
 25229 | Shoals:2 | Identified the +3 hand axe "Meruxor" {heavy, rC+} (Okawaru
                  | gifted it to you on level 2 of the Shoals)
 25229 | Shoals:2 | Received a gift from Okawaru
 25362 | Shoals:2 | Found Byphusaf's Antique Armour Boutique.
 25365 | Shoals:2 | 25365 ||| BUYING embroidered scarf (240 gold).
 25365 | Shoals:2 | Bought an embroidered scarf for 240 gold pieces
 25365 | Shoals:2 | 25365 ||| BUYING pair of glowing boots (225 gold).
 25365 | Shoals:2 | Bought a pair of glowing boots for 225 gold pieces
 25384 | Shoals:2 | Identified a scroll of acquirement
 25396 | Shoals:2 | 25396 ||| READING scroll of acquirement.
 25396 | Shoals:2 | 25396 ||| ACQUIRING +0 pair of boots "Wuruqul" {rF- Str+3
                  | Dex+4}
 25396 | Shoals:2 | Acquired the +0 pair of boots "Wuruqul" {rF- Str+3 Dex+4}
 25398 | Shoals:2 | 25398 ||| DROPPING scarf of shadows.
 25454 | Shoals:2 | Reached XP level 18. HP: 118/118 MP: 25/25
 25461 | Shoals:2 | Noticed Ilsuiw
 25462 | Shoals:2 | 25462 ||| INVOKING Heroism.
 25463 | Shoals:2 | 25463 ||| INVOKING Finesse.
 25475 | Shoals:2 | Reached skill level 15 in Fighting
 25498 | Shoals:2 | Killed Ilsuiw
 25544 | Shoals:2 | 25544 ||| DROPPING +2 war axe of flaming.
 25552 | Shoals:2 | 25552 ||| INVOKING Heroism.
 25569 | Shoals:2 | 25569 ||| Stepping ~*~*~tactically~*~*~ (hiding).
 25591 | Shoals:2 | 25591 ||| Stepping ~*~*~tactically~*~*~ (hiding).
 26080 | Shoals:2 | 26080 ||| DROPPING +1 pair of boots.
 26134 | Shoals:3 | 26134 ||| Stepping ~*~*~tactically~*~*~ (hiding).
 26249 | Shoals:3 | Reached skill level 15 in Armour
 26323 | Shoals:3 | 26323 ||| Stepping ~*~*~tactically~*~*~ (hiding).
 26326 | Shoals:3 | 26326 ||| INVOKING Heroism.
 26359 | Shoals:3 | Received a gift from Okawaru
 26445 | Shoals:3 | 26445 ||| INVOKING Heroism.
 26510 | Shoals:3 | 26510 ||| INVOKING Heroism.
 26690 | Shoals:3 | 26690 ||| INVOKING Heroism.
 26884 | Shoals:3 | 26884 ||| PLANNING SPIDER:4
 26938 | Shoals:2 | 26938 ||| INVOKING Heroism.
 27051 | Spider:4 | Entered Level 4 of the Spider Nest
 27052 | Spider:4 | 27052 ||| INVOKING Heroism.
 27089 | Spider:4 | 27089 ||| Stepping ~*~*~tactically~*~*~ (hiding).
 27157 | Spider:4 | 27157 ||| Stepping ~*~*~tactically~*~*~ (hiding).
 27158 | Spider:4 | 27158 ||| Stepping ~*~*~tactically~*~*~ (hiding).
 27160 | Spider:4 | 27160 ||| INVOKING Heroism.
 27215 | Spider:4 | 27215 ||| DRINKING 13 potions of curing.
 27215 | Spider:4 | 27215 ||| (to cure confusion)
 27220 | Spider:4 | 27220 ||| READING scroll of acquirement.
 27220 | Spider:4 | 27220 ||| ACQUIRING amulet of Urhuc {Spirit -Cast Harm rF+
                  | rC+}
 27220 | Spider:4 | Acquired the amulet of Urhuc {Spirit -Cast Harm rF+ rC+}
 27252 | Spider:4 | 27252 ||| Stepping ~*~*~tactically~*~*~ (stealth).
 27254 | Spider:4 | 27254 ||| Stepping ~*~*~tactically~*~*~ (stealth).
 27259 | Spider:4 | Received a gift from Okawaru
 27283 | Spider:4 | 27283 ||| Stepping ~*~*~tactically~*~*~ (stealth).
 27287 | Spider:4 | 27287 ||| Stepping ~*~*~tactically~*~*~ (stealth).
 27289 | Spider:4 | 27289 ||| Stepping ~*~*~tactically~*~*~ (stealth).
 27317 | Spider:4 | 27317 ||| INVOKING Heroism.
 27333 | Spider:4 | 27333 ||| Stepping ~*~*~tactically~*~*~ (stealth).
 27342 | Spider:4 | 27342 ||| Stepping ~*~*~tactically~*~*~ (stealth).
 27343 | Spider:4 | 27343 ||| Stepping ~*~*~tactically~*~*~ (stealth).
 27397 | Spider:4 | 27397 ||| Stepping ~*~*~tactically~*~*~ (stealth).
 27401 | Spider:4 | 27401 ||| INVOKING Heroism.
 27410 | Spider:4 | Received a gift from Okawaru
 27425 | Spider:4 | 27425 ||| Stepping ~*~*~tactically~*~*~ (stealth).
 27427 | Spider:4 | 27427 ||| Stepping ~*~*~tactically~*~*~ (stealth).
 27428 | Spider:4 | 27428 ||| Stepping ~*~*~tactically~*~*~ (stealth).
 27429 | Spider:4 | 27429 ||| Stepping ~*~*~tactically~*~*~ (stealth).
 27651 | Spider:4 | 27651 ||| INVOKING Heroism.
 27672 | Spider:4 | 27672 ||| Stepping ~*~*~tactically~*~*~ (stealth).
 27676 | Spider:4 | 27676 ||| Stepping ~*~*~tactically~*~*~ (stealth).
 27728 | Spider:4 | Received a gift from Okawaru
 27743 | Spider:4 | Reached skill level 19 in Shields
 27751 | Spider:4 | 27751 ||| Stepping ~*~*~tactically~*~*~ (stealth).
 27826 | Spider:4 | 27826 ||| INVOKING Heroism.
 27859 | Spider:4 | Got a gossamer rune of Zot
 27901 | Spider:4 | 27901 ||| INVOKING Heroism.
 28008 | Spider:4 | 28008 ||| PLANNING VAULTS:1-4
 28008 | Spider:4 | 28008 ||| DROPPING +2 hat.
 28009 | Spider:4 | 28009 ||| UPGRADING to +2 pair of gloves of strength.
 28019 | Spider:4 | 28019 ||| DROPPING +0 pair of gloves.
 28236 | Vaults:1 | Entered Level 1 of the Vaults
 28237 | Vaults:1 | 28237 ||| INVOKING Heroism.
 28359 | Vaults:1 | 28359 ||| INVOKING Heroism.
 28369 | Vaults:1 | Reached XP level 19. HP: 76/125 MP: 24/26
 28413 | Vaults:1 | 28413 ||| READING scroll of enchant weapon.
 28413 | Vaults:1 | 28413 ||| ENCHANTING +4 spectral war axe.
 28520 | Vaults:1 | 28520 ||| Stepping ~*~*~tactically~*~*~ (hiding).
 28522 | Vaults:1 | 28522 ||| Stepping ~*~*~tactically~*~*~ (hiding).
 28553 | Vaults:1 | 28553 ||| Stepping ~*~*~tactically~*~*~ (stealth).
 28977 | Vaults:1 | Found Midghooru's Antique Weapon Shoppe.
 29279 | Vaults:1 | 29279 ||| INVOKING Finesse.
 29403 | Vaults:1 | Received a gift from Okawaru
 29521 | Vaults:2 | 29521 ||| INVOKING Finesse.
 29588 | Vaults:2 | 29588 ||| Stepping ~*~*~tactically~*~*~ (hiding).
 29591 | Vaults:2 | Received a gift from Okawaru
 29629 | Vaults:2 | 29629 ||| INVOKING Heroism.
 29723 | Vaults:2 | Identified the +6 dagger of Peyr {drain, Will+ MP+9}
 29832 | Vaults:2 | Identified the +7 ring mail of Wrong Decisions {Regen+}
                  | (Okawaru gifted it to you on level 2 of the Vaults)
 29832 | Vaults:2 | Received a gift from Okawaru
 29904 | Vaults:2 | 29904 ||| Stepping ~*~*~tactically~*~*~ (hiding).
 29922 | Vaults:2 | 29922 ||| UPGRADING to +7 ring mail of Wrong Decisions
                  | {Regen+}.
 29932 | Vaults:2 | 29932 ||| DROPPING +0 plate armour.
 29955 | Vaults:2 | Noticed a Brimstone Fiend
 29956 | Vaults:2 | 29956 ||| INVOKING Heroism.
 29957 | Vaults:2 | Noticed a Brimstone Fiend
 29957 | Vaults:2 | 29957 ||| INVOKING Finesse.
 30209 | Vaults:2 | Found Sohuomp's Jewellery Shop.
 30211 | Vaults:2 | 30211 ||| BUYING +6 ring of dexterity (684 gold).
 30211 | Vaults:2 | Bought a +6 ring of dexterity for 684 gold pieces
 30211 | Vaults:2 | 30211 ||| SHOPLISTING ring of fire (475 gold, have 461).
 30211 | Vaults:2 | 30211 ||| SHOPLISTING ring of ice (475 gold, have 461).
 30211 | Vaults:2 | 30211 ||| SHOPLISTING ring of protection from fire (475
                  | gold, have 461).
 30285 | Vaults:2 | 30285 ||| Stepping ~*~*~tactically~*~*~ (hiding).
 30409 | Vaults:2 | 30409 ||| DROPPING ring of positive energy.
 30454 | Vaults:2 | 30454 ||| Stepping ~*~*~tactically~*~*~ (hiding).
 30455 | Vaults:2 | 30455 ||| Stepping ~*~*~tactically~*~*~ (hiding).
 30458 | Vaults:2 | 30458 ||| Stepping ~*~*~tactically~*~*~ (hiding).
 30461 | Vaults:2 | 30461 ||| INVOKING Heroism.
 30462 | Vaults:2 | 30462 ||| INVOKING Finesse.
 30539 | Vaults:2 | 30539 ||| DROPPING +0 chain mail of cold resistance.
 30540 | Vaults:2 | 30540 ||| UPGRADING to +3 chain mail of cold resistance.
 30574 | Vaults:2 | Found a staircase to the Crypt.
 30575 | Vaults:2 | 30575 ||| Stepping ~*~*~tactically~*~*~ (hiding).
 30576 | Vaults:2 | 30576 ||| Stepping ~*~*~tactically~*~*~ (hiding).
 30584 | Vaults:2 | 30584 ||| Stepping ~*~*~tactically~*~*~ (hiding).
 30599 | Vaults:2 | 30599 ||| INVOKING Heroism.
 30601 | Vaults:2 | 30601 ||| Stepping ~*~*~tactically~*~*~ (cloud).
 30765 | Vaults:2 | 30765 ||| Stepping ~*~*~tactically~*~*~ (hiding).
 31007 | Vaults:2 | 31007 ||| Stepping ~*~*~tactically~*~*~ (stealth).
 31232 | Vaults:3 | Reached skill level 18 in Fighting
 31240 | Vaults:3 | Received a gift from Okawaru
 31248 | Vaults:3 | Reached XP level 20. HP: 123/136 MP: 27/27
 31273 | Vaults:3 | 31273 ||| Stepping ~*~*~tactically~*~*~ (stealth).
 31274 | Vaults:3 | 31274 ||| Stepping ~*~*~tactically~*~*~ (stealth).
 31411 | Vaults:3 | 31411 ||| INVOKING Heroism.
 31412 | Vaults:3 | 31412 ||| INVOKING Finesse.
 31482 | Vaults:3 | Identified the +4 plate armour of Courage {rC+ SInv}
                  | (Okawaru gifted it to you on level 3 of the Vaults)
 31482 | Vaults:3 | Received a gift from Okawaru
 31520 | Vaults:3 | 31520 ||| Stepping ~*~*~tactically~*~*~ (hiding).
 31529 | Vaults:3 | 31529 ||| Stepping ~*~*~tactically~*~*~ (hiding).
 31538 | Vaults:3 | Reached skill level 20 in Shields
 31670 | Vaults:3 | 31670 ||| INVOKING Heroism.
 31671 | Vaults:3 | 31671 ||| INVOKING Finesse.
 31778 | Vaults:3 | 31778 ||| Stepping ~*~*~tactically~*~*~ (stealth).
 31782 | Vaults:3 | 31782 ||| Stepping ~*~*~tactically~*~*~ (stealth).
 31852 | Vaults:3 | 31852 ||| Stepping ~*~*~tactically~*~*~ (stealth).
 31854 | Vaults:3 | 31854 ||| Stepping ~*~*~tactically~*~*~ (stealth).
 32010 | Vaults:3 | 32010 ||| INVOKING Finesse.
 32077 | Vaults:3 | 32077 ||| INVOKING Heroism.
 32079 | Vaults:3 | Reached skill level 6 in Dodging
 32096 | Vaults:3 | 32096 ||| Stepping ~*~*~tactically~*~*~ (hiding).
 32097 | Vaults:3 | 32097 ||| Stepping ~*~*~tactically~*~*~ (hiding).
 32098 | Vaults:3 | 32098 ||| Stepping ~*~*~tactically~*~*~ (hiding).
 32178 | Vaults:3 | Found Daarch's Book Shoppe.
 32190 | Vaults:3 | 32190 ||| READING 3 scrolls of enchant weapon.
 32190 | Vaults:3 | 32190 ||| ENCHANTING +5 spectral war axe.
 32191 | Vaults:3 | 32191 ||| READING 2 scrolls of enchant weapon.
 32191 | Vaults:3 | 32191 ||| ENCHANTING +6 spectral war axe.
 32192 | Vaults:3 | 32192 ||| READING scroll of enchant weapon.
 32192 | Vaults:3 | 32192 ||| ENCHANTING +7 spectral war axe.
 32279 | Vaults:3 | Found Asaoq's Jewellery Emporium.
 32288 | Vaults:3 | 32288 ||| BUYING +6 ring of strength (648 gold).
 32288 | Vaults:3 | Bought a +6 ring of strength for 648 gold pieces
 32288 | Vaults:3 | 32288 ||| SHOPLISTING amulet of reflection (540 gold, have
                  | 36).
 32299 | Vaults:3 | 32299 ||| INVOKING Heroism.
 32304 | Vaults:3 | Reached skill level 9 in Throwing
 32556 | Vaults:3 | Noticed Bai Suzhen
 32568 | Vaults:3 | Killed Bai Suzhen
 32569 | Vaults:3 | 32569 ||| Stepping ~*~*~tactically~*~*~ (cloud).
 32690 | Vaults:3 | 32690 ||| DROPPING +7 ring mail of Wrong Decisions
                  | {Regen+}.
 32691 | Vaults:3 | 32691 ||| UPGRADING to +4 plate armour of Courage {rC+
                  | SInv}.
 32701 | Vaults:3 | 32701 ||| DROPPING +0 ice dragon scales.
 32702 | Vaults:3 | 32702 ||| DROPPING +3 chain mail of cold resistance.
 32703 | Vaults:3 | 32703 ||| DROPPING scarf of invisibility.
 32704 | Vaults:3 | 32704 ||| DROPPING +6 ring of dexterity.
 32705 | Vaults:3 | 32705 ||| DROPPING ring of wizardry.
 32706 | Vaults:3 | 32706 ||| UPGRADING to +6 ring of strength.
 32785 | Vaults:4 | 32785 ||| Stepping ~*~*~tactically~*~*~ (hiding).
 33163 | Vaults:4 | 33163 ||| Stepping ~*~*~tactically~*~*~ (hiding).
 33249 | Vaults:4 | Reached skill level 18 in Armour
 33322 | Vaults:4 | 33322 ||| Stepping ~*~*~tactically~*~*~ (stealth).
 33606 | Vaults:4 | 33606 ||| INVOKING Heroism.
 33615 | Vaults:4 | Reached XP level 21. HP: 144/144 MP: 26/28
 33648 | Vaults:4 | Received a gift from Okawaru
 33653 | Vaults:4 | 33653 ||| Stepping ~*~*~tactically~*~*~ (hiding).
 33839 | Vaults:4 | 33839 ||| Stepping ~*~*~tactically~*~*~ (hiding).
 33917 | Vaults:4 | 33917 ||| DROPPING amulet of guardian spirit.
 34024 | Vaults:4 | 34024 ||| PLANNING VAULTS RUNE
 34035 | Vaults:5 | Entered Level 5 of the Vaults
 34036 | Vaults:5 | 34036 ||| PLANNING VAULTS RUNE
 34038 | Vaults:4 | 34038 ||| PLANNING D:1-11
 34486 | D:1      | 34486 ||| DROPPING +0 ring mail of the Depths {rC+ rCorr
                  | Int-5}.
 34487 | D:1      | 34487 ||| DROPPING +0 acid dragon scales.
 34488 | D:1      | 34488 ||| DROPPING ring of ice.
 34489 | D:1      | 34489 ||| DROPPING ring of the Magpie {Ice *Slow rElec
                  | Will+ rCorr Stlth+}.
 34490 | D:1      | 34490 ||| DROPPING 8 potions of attraction.
 34491 | D:1      | 34491 ||| DROPPING 5 potions of lignification.
 34634 | D:2      | 34634 ||| PLANNING LAIR
 34805 | Lair:1   | 34805 ||| Stepping randomly (stuck).
 34806 | Lair:1   | 34806 ||| Stepping randomly (stuck).
 34807 | Lair:1   | 34807 ||| Stepping randomly (stuck).
 35277 | Lair:2   | Quit the game

Levels and vault maps discovered:
D:1:      heliophobic_arrival_enchanted_forest, layout_loops_ring,
          minmay_split_cup_small
D:2:      layout_rooms, basic_altar, minivault_4, minivault_19,
          hangedman_glass_teeth, minmay_between
D:3:      layout_loops_corners, old_standard_altar
D:4:      layout_cave_pods, amcnicky_altar_gilded, tso_metal_star,
          okawaru_metal_pillars_3
D:5:      layout_loops_ring, mainiacjoe_overflow_cross_hatched,
          nicolae_ru_awakened_eye, mainiacjoe_overflow_six_doors_small,
          kennysheep_generic_room_13
D:6:      layout_rooms, minmay_temple_entry_junction
D:7:      layout_loops_ring, overflow_temple_1_default, enter_bailey_3,
          grunt_decor_resistance, uniq_prince_ribbit1
D:8:      layout_rooms, nicolae_elyvilon_peaceful_grove
D:9:      layout_loops_cross, grunt_lair_entry_orc_guard_hut,
          kennysheep_small_spiral, amcnicky_mini_rare_corridor_liquid,
          dilly_guarded_unrand_elemental_staff, uniq_gastronok
D:10:     layout_gridville, nicolae_overflow_hidden_temple,
          mainiacjoe_overflow_alcove_4, enter_trove_5,
          minmay_misc_feat_more_columns, minmay_misc_feat_iff,
          bh_hangedman_babel_library
D:11:     layout_long_grid
D:12:     layout_loops_ring, erik_orc_4, special_room [special_room_orc],
          xom_confusion_cloud, uniq_maurice
D:13:     layout_loops_ring, serial_shops, nicolae_shop_rolled_up
D:14:     layout_loops_ring, erik_vaults_2, uniq_roxanne
D:15:     gammafunk_depths_entry_grave, layout_small_grid, grunt_decor_fettered,
          roderic_roman_lattice, uniq_rupert, uniq_agnes, uniq_nessos
Lair:1:   layout_regular_city
Lair:2:   layout_loops_ring, minmay_shoals_entry_beasts, dummy_spider_entry
Lair:3:   layout_chaotic_city, st_stairs_5, uniq_nergalle
Lair:4:   layout_cave_pods, dpeg_slime_entry_enclosed,
          ebering_ghost_funeral_grove, nicolae_quartered_pool_medium
Lair:5:   minmay_lair_end_enchanted_forest, layout_cellular_growth, uniq_urug
Shoals:1: cheibrodos_shoals_three_sisters, layout_shoals,
          gammafunk_ghost_berserking_beasts, nicolae_shop_vocational,
          uniq_jorgrun
Shoals:2: layout_shoals, serial_shops, nicolae_shop_real_fake_doors, uniq_ilsuiw
Shoals:3: layout_shoals, nicolae_shoals_loop_pool
Spider:1: layout_spider_delve, hangedman_spider_tarantella_strand, uniq_louise
Spider:2: layout_chambers
Spider:3: layout_chambers
Spider:4: grunt_spider_rune_circles
Orc:1:    layout_caves
Orc:2:    st_orc_elflike, layout_diamond_mine, nicolae_orc_tapped_out
Vaults:1: nicolae_vaults_hexular_roomagon, nicolae_vaults_little_squares_1,
          ontoclasm_vaults_ring_square, v_misc_26, ontoclasm_vaults_gateway,
          v_pattern_4, layout_vaults_omnigrid, serial_shops,
          nicolae_shop_just_a_little_nook
Vaults:2: nicolae_vaults_closet_pinwheel_2, nicolae_vaults_house_1,
          nicolae_vaults_network_quinsquares
          [nicolae_vaults_network_quincunx_subvault,
          nicolae_vaults_network_quincunx_subvault,
          nicolae_vaults_network_quincunx_subvault,
          nicolae_vaults_network_quincunx_subvault], v_rooms_1,
          grunt_vaults_swirl, v_pattern_5, nicolae_vaults_heist,
          ontoclasm_vaults_gallery, minmay_crypt_entry_simple_corners,
          v_alt_pattern_4, layout_vaults_omnicross, serial_shops,
          nicolae_shop_gaudy_bauble
Vaults:3: ontoclasm_vaults_fault, vaults_mumra_hex,
          nicolae_vaults_border_crossing, nicolae_vaults_more_shelving_2,
          nicolae_vaults_octothorpe, nicolae_vaults_meiosis,
          grunt_vaults_bifocal, nicolae_vaults_trapezoid_lopsided_1,
          vaults_dpeg_ring, nicolae_vaults_closet_pinwheel_1,
          layout_vaults_ring, serial_shops, nicolae_shop_trees, shop,
          uniq_bai_suzhen
Vaults:4: nicolae_vaults_closet_pinwheel_2, hangedman_vaults_impose,
          nicolae_vaults_mush_room, v_alt_pattern_1, nicolae_vaults_house_3,
          v_misc_4, dpeg_vaults_monster_row, vaults_dpeg_doors,
          vaults_dpeg_hooks, ontoclasm_vaults_ring_small,
          vaults_mumra_minichess, vaults_dpeg_cross, layout_vaults_omnibox
Vaults:5: uniq_mara

Skill      XL: |  1  2  3  4  5  6  7  8  9 10 11 12 13 14 15 16 17 18 19 20 21 |
---------------+----------------------------------------------------------------+-----
Axes           | 2 3 4 5 7 8 9 11 12 13 14 15 16 | 16.0
Fighting       | 4 5 7 8 9 10 11 12 13 14 16 18 19 | 19.1
Dodging        | 1 2 3 4 5 6 |  6.1
Invocations    | 1 4 8 10 | 10.0
Throwing       | 2 4 7 8 9 |  9.0
Armour         | 6 8 10 11 12 14 15 16 18 19 | 19.0
Shields        | 5 6 10 12 13 14 18 19 20 | 20.4

Action                     |  1- 3 |  4- 6 |  7- 9 | 10-12 | 13-15 | 16-18 | 19-21 || total
---------------------------+-------+-------+-------+-------+-------+-------+-------++-------
  Melee: War axe           |   114 |   121 |    92 |   294 |   844 |  1013 |   746 ||  3224
         Morningstar       |       |       |       |       |     8 |       |       ||     8
  Throw: Boomerang         |       |     6 |    59 |    19 |   102 |    92 |    97 ||   375
         Javelin           |       |       |       |       |    64 |   121 |    53 ||   238
 Invoke: Heroism           |       |       |    10 |    15 |    21 |    39 |     9 ||    94
         Finesse           |       |       |       |     2 |     9 |     5 |     7 ||    23
    Use: Scroll            |     5 |     5 |     3 |    14 |     9 |     5 |     4 ||    45
         Potion            |       |     3 |     3 |     3 |     3 |     3 |       ||    15
   Stab: Distracted        |       |       |       |     3 |    17 |    20 |     8 ||    48
 Armour: Scale mail        |    64 |    39 |       |       |       |       |       ||   103
         Chain mail        |       |    13 |    37 |       |       |       |   112 ||   162
         Plate armour      |       |       |     2 |   112 |   324 |   502 |   116 ||  1056
         Ring mail         |       |       |       |       |       |       |    22 ||    22
  Dodge: Dodged            |    53 |    36 |    32 |    46 |   133 |   165 |    97 ||   562
  Block: Buckler           |    18 |    22 |    14 |    45 |     7 |       |       ||   106
         Kite shield       |       |       |       |       |   364 |   152 |       ||   516
         Tower shield      |       |       |       |       |       |   549 |   395 ||   944
         Reflection        |       |       |       |       |       |    45 |    59 ||   104

Table legend:
 A = Non-vault XP
 B = Vault XP
 C = Vault XP percentage of total XP
 D = Non-vault monster count
 E = Vault monster count
 F = Vault count percentage of total count
                 A         B        C        D         E       F
            +---------+---------+-------+---------+---------+-------
      Total |  347205 |  158165 |  31.3 |     926 |     309 |  25.0
            +---------+---------+-------+---------+---------+-------
        D:1 |      32 |       5 |  13.5 |      20 |       3 |  13.0
        D:2 |      31 |      17 |  35.4 |      12 |       2 |  14.3
        D:3 |      86 |       0 |   0.0 |      22 |       0 |   0.0
        D:4 |     197 |       0 |   0.0 |      23 |       0 |   0.0
        D:5 |     493 |       0 |   0.0 |      16 |       0 |   0.0
        D:6 |     878 |       0 |   0.0 |      17 |       0 |   0.0
        D:7 |    1940 |     282 |  12.7 |      17 |       5 |  22.7
        D:8 |    1511 |       0 |   0.0 |      16 |       0 |   0.0
        D:9 |    3598 |    5186 |  59.0 |      23 |      14 |  37.8
       D:10 |    4358 |    2740 |  38.6 |      20 |       4 |  16.7
       D:11 |    2698 |     632 |  19.0 |      19 |       1 |   5.0
       D:12 |    7114 |    5422 |  43.3 |      22 |      43 |  66.2
       D:13 |    2936 |       0 |   0.0 |       7 |       0 |   0.0
       D:14 |    9588 |    8216 |  46.1 |      17 |       9 |  34.6
       D:15 |    6764 |    9073 |  57.3 |      18 |      11 |  37.9
     Lair:1 |    4700 |       0 |   0.0 |      19 |       0 |   0.0
     Lair:2 |   10413 |     826 |   7.3 |      22 |       2 |   8.3
     Lair:3 |    3090 |     951 |  23.5 |      18 |       3 |  14.3
     Lair:4 |   13229 |       0 |   0.0 |      29 |       0 |   0.0
     Lair:5 |   10732 |    8551 |  44.3 |      33 |      44 |  57.1
   Shoals:1 |   15583 |   10364 |  39.9 |      28 |      12 |  30.0
   Shoals:2 |   22154 |    4158 |  15.8 |      46 |       6 |  11.5
   Shoals:3 |   14184 |       0 |   0.0 |      24 |       0 |   0.0
   Spider:1 |   15885 |    1494 |   8.6 |      51 |       2 |   3.8
   Spider:2 |   15686 |       0 |   0.0 |      37 |       0 |   0.0
   Spider:3 |   16790 |       0 |   0.0 |      42 |       0 |   0.0
   Spider:4 |   14426 |   18238 |  55.8 |      33 |      34 |  50.7
      Orc:1 |    2042 |       0 |   0.0 |      17 |       0 |   0.0
      Orc:2 |    4058 |    8187 |  66.9 |      36 |      25 |  41.0
   Vaults:1 |   21844 |    1481 |   6.3 |      39 |       2 |   4.9
   Vaults:2 |   37424 |   17151 |  31.4 |      52 |      24 |  31.6
   Vaults:3 |   48661 |   27021 |  35.7 |      70 |      33 |  32.0
   Vaults:4 |   17271 |   27055 |  61.0 |      24 |      29 |  54.7
    Abyss:3 |   16809 |    1115 |   6.2 |      37 |       1 |   2.6
            +---------+---------+-------+---------+---------+-------
